 Dungeon Crawl Stone Soup version 0.28.0-45-g0d030f2227 (webtiles) character file.

Game seed: 16135371293833932303

12649 Peloso the Carver (level 11, -9/145 HPs)
             Began as a Minotaur Fighter on Apr 10, 2022.
             Was a High Priest of Okawaru.
             Killed by refrigeration
             ... invoked by Fannar
              (17 damage)
             ... on level 11 of the Dungeon.
             The game lasted 00:26:02 (12212 turns).

Peloso the Carver (Minotaur Fighter)               Turns: 12212, Time: 00:26:02

Health: -9/145     AC: 16    Str: 24    XL:     11   Next: 65%
Magic:  11/11      EV:  9    Int:  5    God:    Okawaru [*****.]
Gold:   695        SH: 11    Dex: 11    Spells: 10/10 levels left

rFire   + . .      SeeInvis +   a - +0 long sword
rCold   + . .      Faith    .   d - +0 kite shield
rNeg    . . .      Spirit   .   n - +0 chain mail
rPois   +          Reflect  .   (helmet restricted)
rElec   .          Harm     .   F - scarf {rC+ rF+}
rCorr   .          Rampage  .   H - +0 pair of gloves
Will    .....                   C - +1 pair of boots
Stlth   ..........              (no amulet)
HPRegen 0.34/turn               i - ring of poison resistance
MPRegen 0.12/turn               L - ring of see invisible

@: berserking (expiring), very quick
A: horns 2, retaliatory headbutt
a: Renounce Religion, Heroism, Finesse, Duel


You were on level 11 of the Dungeon.
You worshipped Okawaru.
Okawaru was extremely pleased with you.
You visited 2 branches of the dungeon, and saw 12 of its levels.

You collected 695 gold pieces.

Inventory:

Hand Weapons
 a - a +0 long sword (weapon)
 b - a +0 war axe of flaming
 c - the +9 lance "Wyrmbane" {slay drac, rPois rF+ rC+ AC+3}
   (You took it off Maggie on level 8 of the Dungeon)

   It inflicts extra damage against dragons and draconians.
   AC:        It affects your AC (+3).
   rF:        It protects you from fire.
   rC:        It protects you from cold.
   rPois:     It protects you from poison.
Missiles
 I - a throwing net (quivered)
Armour
 d - a +0 kite shield (worn)
 e - a +1 scale mail of poison resistance
 n - a +0 chain mail (worn)
 C - a +1 pair of boots (worn)
 F - a scarf of resistance (worn)
 H - a +0 pair of gloves (worn)
Jewellery
 i - a ring of poison resistance (left hand)
 L - a ring of see invisible (right hand)
Wands
 f - a wand of mindburst (7)
 g - a wand of charming (12)
 u - a wand of paralysis (4)
 E - a wand of flame (3)
 G - a wand of polymorph (6)
 M - a wand of digging (1)
Scrolls
 j - 4 scrolls of teleportation
 o - 4 scrolls of silence {unknown}
 s - a scroll of fear {unknown}
 x - a scroll of enchant weapon {unknown}
 y - 7 scrolls of identify {unknown}
 D - 2 scrolls of torment {unknown}
 J - a scroll of amnesia {unknown}
Potions
 h - 2 potions of attraction {unknown}
 l - a potion of magic {unknown}
 m - 2 potions of brilliance {unknown}
 p - a potion of mutation {unknown}
 q - 2 potions of cancellation {unknown}
 r - 4 potions of might
 v - 3 potions of heal wounds {unknown}
 w - 2 potions of haste
 A - a potion of flight {unknown}
 B - a potion of resistance {unknown}
 K - 3 potions of lignification {unknown}


   Skills:
 + Level 9.5 Fighting
 + Level 11.5 Long Blades
 + Level 0.9(3.1) Axes
 + Level 4.9(5.0) Polearms
 + Level 0.9 Throwing
 + Level 11.3 Armour
 + Level 5.7 Dodging
 + Level 1.9 Stealth
 + Level 10.5 Shields
 + Level 1.4 Invocations
 + Level 1.8 Evocations


You had 10 spell levels left.
You didn't know any spells.
Your spell library contained the following spells:

 Spells                   Type           Power      Damage    Failure   Level
 Apportation              Tloc           0%         N/A       99%         1
 Sting                    Tmut/Pois      0%         1d3       99%         1
 Corpse Rot               Necr/Air       0%         N/A       100%        2
 Poisonous Vapours        Pois/Air       0%         N/A       100%        2
 Inner Flame              Hex/Fire       0%         N/A       100%        3
 Portal Projectile        Hex/Tloc       0%         N/A       100%        3
 Cause Fear               Hex            0%         N/A       100%        4
 Leda's Liquefaction      Hex/Erth       0%         N/A       100%        4
 Olgreb's Toxic Radiance  Pois           0%         N/A       100%        4
 Alistair's Intoxication  Tmut/Pois      0%         N/A       100%        5
 Discord                  Hex            0%         N/A       100%        8
 Call Canine Familiar     Summ           Unusable   N/A       N/A         3

Dungeon Overview and Level Annotations

Branches:
Dungeon (11/15)            Temple (1/1) D:6            Lair (0/6) D:11
    Orc (0/2) D:9

Altars:
Ashenzari
Cheibriados
Dithmenos
Elyvilon
Fedhas
Gozag
Hepliaklqana
Kikubaaqudgha
Makhleb
Nemelex Xobeh
Okawaru
Qazlal
Ru
Sif Muna
Trog
Uskayaw
Vehumet
Wu Jian
Xom
Yredelemnul
Zin
The Shining One

Shops:
D:10 *

Annotations:
D:9 Digga
D:11 Fannar


Innate Abilities, Weirdness & Mutations

You have a pair of horns on your head.
You reflexively headbutt those who attack you in melee.


Message History

Fannar murmurs some mystic words to themself.
Fannar hits you but does no damage. Fannar freezes you.
* * * LOW HITPOINT WARNING * * *
You closely miss Fannar.
You rip and tear the barbed spikes from your body.
You hit Fannar.
Fannar is lightly wounded.
Fannar hits you but does no damage. Fannar freezes you.
* * * LOW HITPOINT WARNING * * *
You completely miss Fannar.
Fannar is lightly wounded.
You miss Fannar.
Fannar is lightly wounded.
You block Fannar's attack.
You closely miss Fannar.
Fannar is lightly wounded.
Fannar hits you with a staff of cold.
* * * LOW HITPOINT WARNING * * *
Fannar freezes you!
* * * LOW HITPOINT WARNING * * *
You barely miss Fannar.
Fannar is lightly wounded.
You hit Fannar.
Fannar is lightly wounded.
Fannar casts a spell.
Fannar drains the heat from the surrounding environment!
You resist.
* * * LOW HITPOINT WARNING * * *
You closely miss Fannar.
Fannar is lightly wounded.
You miss Fannar. You headbutt Fannar!
Fannar is moderately wounded.
You hear the loud beating of a drum very nearby.
Fannar casts a spell.
You barely miss Fannar.
Fannar is moderately wounded.
Fannar mumbles some strange words.
Fannar drains the heat from the surrounding environment!
You resist.
You die...

.≈≈≈≈≈..* #.**#.#
.≈≈≈.≈,,** *..*#.#
.≈≈≈≈,,,,***#.*#.#
.≈≈≈,,,,,.**#.##.##
.≈≈≈≈≈,,*..,#.....#
.≈≈≈≈≈,,**#.#.....#
,,,≈≈≈≈,* #......^#
,,≈≈≈≈≈≈* ##.....Y#
,,≈≈≈≈≈≈* #....@.#
>,≈≈≈≈≈≈* ##...e.#
,,≈≈≈≈≈≈* #.....#
,≈,≈≈≈≈≈* #.....#
≈≈≈≈≈≈≈≈* #.....#
≈≈≈≈≈≈,,*
*#.....#***
≈≈≈≈≈,≈,*
*.......,,*
≈,≈,≈,^,*
#.......,,*
,≈,,,,,,*
*,,,,,,,,,*


You could see Fannar and an ice beast (summoned).

Vanquished Creatures
  A hydra (D:11)
  A two-headed ogre (D:9)
  A boulder beetle (D:10)
  Pikel (D:3)
  A manticore (D:11)
  Maggie (D:8)
  2 kobold demonologists (D:9)
  2 trolls
  2 shadows
  A wyvern (D:8)
  23 yaks
  2 acid dragons
  An ice beast (D:8)
  3 orc warriors
  3 sky beasts (D:8)
  A black bear (D:7)
  A wolf (D:11)
  2 necrophages
  3 ogres
  4 centaurs
  A lemure (D:3)
  2 phantoms
  A kobold brigand (D:9)
  A gnoll sergeant (D:8)
  4 bullfrogs
  A water moccasin zombie (D:7)
  5 scorpions
  A water moccasin skeleton (D:4)
  4 killer bees (D:10)
  4 wights (D:8)
  3 electric eels (D:9)
  3 howler monkeys (D:10)
  6 centaur zombies
  4 hounds
  7 orc priests
  A centaur skeleton (D:6)
  2 jellies
  Jessica (D:2)
  2 iguanas
  Natasha (thrice) (D:2)
  7 orc wizards
  A howler monkey zombie (D:8)
  12 gnolls
  2 adders
  A shadow imp (D:5)
  A white imp (D:7)
  2 ufetubi
  An adder skeleton (D:5)
  2 worms
  2 dart slugs
  27 orcs
  4 ball pythons
  10 endoplasms
  3 giant cockroaches
  6 hobgoblins
  16 kobolds
  3 quokkas
  2 bats
  6 frilled lizards
  11 goblins
  7 rats
238 creatures vanquished.

Vanquished Creatures (others)
  51 plants (D:1)
51 creatures vanquished.

Grand Total: 289 creatures vanquished

Notes
Turn   | Place    | Note
-------+----------+-------------------------------------------
     0 | D:1      | Peloso the Minotaur Fighter began the quest for the Orb.
     0 | D:1      | Reached XP level 1. HP: 19/19 MP: 0/0
    90 | D:1      | Reached XP level 2. HP: 21/27 MP: 1/1
   321 | D:1      | Found a faded altar of an unknown god.
   774 | D:2      | Noticed Natasha
   779 | D:2      | Killed Natasha
   780 | D:2      | Reached XP level 3. HP: 31/33 MP: 2/2
   803 | D:2      | Noticed Natasha
   808 | D:2      | Killed Natasha
   809 | D:2      | Reached skill level 5 in Armour
   809 | D:2      | Reached XP level 4. HP: 40/40 MP: 3/3
  1000 | D:2      | Noticed Natasha
  1007 | D:2      | Killed Natasha
  1353 | D:2      | Noticed Jessica
  1357 | D:2      | Killed Jessica
  1358 | D:2      | Reached XP level 5. HP: 47/47 MP: 4/4
  2027 | D:3      | Reached skill level 5 in Fighting
  2498 | D:4      | Noticed a lemure
  2498 | D:4      | Noticed a lemure
  2499 | D:4      | Noticed Pikel
  2519 | D:3      | Killed a lemure
  2549 | D:3      | Killed Pikel
  2550 | D:3      | Reached skill level 1 in Dodging
  2550 | D:3      | Reached XP level 6. HP: 15/57 MP: 5/5
  2550 | D:3      | Reached XP level 7. HP: 17/62 MP: 6/6
  3900 | D:5      | Entered Level 5 of the Dungeon
  3910 | D:5      | Reached skill level 1 in Stealth
  4108 | D:5      | Reached XP level 8. HP: 69/70 MP: 7/7
  5953 | D:6      | Reached skill level 5 in Shields
  6160 | D:6      | Reached XP level 9. HP: 78/78 MP: 8/8
  6162 | D:6      | Found a staircase to the Ecumenical Temple.
  6178 | Temple   | Entered the Ecumenical Temple
  7352 | D:7      | Found an iron altar of Okawaru.
  7353 | D:7      | Found a stormy altar of Qazlal.
  7356 | D:7      | Found a sacrificial altar of Ru.
  7359 | D:7      | Became a worshipper of Warmaster Okawaru
  7364 | D:7      | Found a basalt altar of Yredelemnul.
  7991 | D:8      | Noticed Maggie
  8022 | D:8      | Reached * piety under Okawaru
  8033 | D:8      | Reached skill level 10 in Armour
  8047 | D:8      | Reached XP level 10. HP: 20/86 MP: 6/9
  8401 | D:8      | Reached skill level 10 in Long Blades
  8684 | D:8      | Killed Maggie
  9031 | D:8      | Found a glowing silver altar of Zin.
  9059 | D:8      | Found an opulent altar of Gozag.
  9237 | D:9      | Reached ** piety under Okawaru
  9238 | D:9      | Reached skill level 1 in Polearms
  9248 | D:9      | HP: 1/88 [electric eel/bolt of electricity (11)]
 10001 | D:9      | Noticed a two-headed ogre
 10039 | D:9      | Noticed a two-headed ogre
 10048 | D:9      | Killed a two-headed ogre
 10049 | D:9      | Reached skill level 1 in Evocations
 10250 | D:9      | Reached *** piety under Okawaru
 10301 | D:9      | Noticed a sixfirhy
 10670 | D:9      | Reached XP level 11. HP: 90/95 MP: 10/10
 10808 | D:9      | Found a staircase to the Orcish Mines.
 11155 | D:10     | Entered Level 10 of the Dungeon
 11162 | D:10     | Found a glowing golden altar of the Shining One.
 11252 | D:10     | Noticed a boulder beetle
 11370 | D:10     | Reached skill level 5 in Dodging
 11387 | D:10     | Reached **** piety under Okawaru
 11388 | D:10     | Reached skill level 1 in Invocations
 11430 | D:10     | Killed a boulder beetle
 11431 | D:10     | Reached skill level 10 in Shields
 11735 | D:10     | Found Erghoq's General Store.
 11949 | D:10     | Reached ***** piety under Okawaru
 12113 | D:11     | Noticed a five-headed hydra
 12167 | D:11     | Killed a one-headed hydra
 12194 | D:11     | Noticed Fannar
 12209 | D:11     | HP: 7/145 [Fannar/refrigeration (12)]
 12212 | D:11     | Killed from afar by Fannar

Illustrated notes

Levels and vault maps discovered:
D:1:      roderic_crop_circles_arrival_small, layout_rooms,
          basic_ecumenical_altar, minmay_misc_feat_enclosed,
          chequers_serial_rivers_large_b, grunt_decor_arrowhead,
          minmay_nonomino_d4
D:2:      layout_basic, uniq_jessica, uniq_natasha
D:3:      layout_loops_ring
D:4:      cheibrodos_helix_gallery, layout_basic, st_stairs_13, uniq_pikel
D:5:      layout_loops_ring
D:6:      layout_rooms, temple_fountains
D:7:      layout_loops_ring, minitemple
D:8:      layout_loops_cross, pdpol_temple_overflow_zin_treasury_gozag_greed,
          uniq_maggie
D:9:      layout_basic, erik_orc_3, onia_ninara_dug_in_and_dangerous
D:10:     layout_roguey, mainiacjoe_overflow_alcove_1, serial_shops,
          kennysheep_mini, st_stairs_14
D:11:     layout_rooms, erik_lair_island, gauntlet_entry_generic, uniq_fannar
Temple:   regret_index_temple_waves

Skill      XL: |  1  2  3  4  5  6  7  8  9 10 11 |
---------------+----------------------------------+-----
Fighting       | 4 5 6 7 8 9 |  9.5
Armour         | 4 5 6 7 8 10 11 | 11.3
Long Blades    | 3 6 7 8 9 10 11 | 11.5
Shields        | 4 5 7 9 10 | 10.5
Dodging        | 1 2 3 4 5 |  5.7
Stealth        | 1 |  1.9
Polearms       | 4 |  4.9
Evocations     | 1 |  1.8
Invocations    | 1 |  1.4
Axes           | |  0.9
Throwing       | |  0.9

Action                   |  1- 3 |  4- 6 |  7- 9 | 10-12 || total
-------------------------+-------+-------+-------+-------++-------
Melee: Long sword        |    48 |   102 |   345 |   280 ||   775
       Headbutt          |     8 |    18 |    61 |    85 ||   172
       Lance             |       |       |       |   100 ||   100
       War axe           |       |       |       |     8 ||     8
Throw: Throwing net      |       |       |       |     2 ||     2
Invok: Heroism           |       |       |     1 |    11 ||    12
Evoke: Wand              |       |       |     3 |    28 ||    31
  Use: Potion            |       |     6 |     1 |     3 ||    10
       Scroll            |       |     4 |     1 |     2 ||     7
 Stab: Held in net/web   |       |       |       |     2 ||     2
Armor: Scale mail        |    17 |    37 |   147 |    50 ||   251
       Chain mail        |       |       |       |    87 ||    87
Dodge: Dodged            |    20 |    34 |   116 |   138 ||   308
Block: Buckler           |     9 |    18 |    12 |       ||    39
       Kite shield       |       |       |   128 |   206 ||   334
